 Dungeon Crawl Stone Soup version 0.19.0-2-gae57169 (webtiles) character file.

11302 Medar the Destroyer (level 11, -7/69 HPs)
             Began as a High Elf Ice Elementalist on Nov 4, 2016.
             Was a Priest of Sif Muna.
             Mangled by a cyan ugly thing (17 damage)
             ... on level 11 of the Dungeon on Nov 5, 2016.
             The game lasted 01:16:04 (19044 turns).

Medar the Destroyer (High Elf Ice Elementalist)    Turns: 19044, Time: 01:16:05

Health: -7/69      AC:  7    Str:  7    XL:     11   Next: 47%
Magic:  11/21      EV: 20    Int: 24    God:    Sif Muna [***...]
Gold:   498        SH:  0    Dex: 20    Spells: 8 memorised, 0 levels left

rFire  . . .     SeeInvis .     a - +7 Screaming Sword
rCold  . . .     Gourm    .     m - +2 robe of Ollanex {Int+2}
rNeg   + . .     Faith    .     (no shield)
rPois  .         Spirit   .     l - +0 helmet
rElec  .         Reflect  .     E - +0 cloak "Coneamas" {Dex+3}
rCorr  .         Harm     .     A - +0 pair of gloves
MR     ++...                    (no boots)
Stlth  +++.......               (no amulet)
                                F - ring of protection from magic
                                H - ring of positive energy

@: sluggish, repel missiles, very slow
A: no striking features
a: Divine Energy, Channel Magic, Renounce Religion


You were on level 11 of the Dungeon.
You worshipped Sif Muna.
Sif Muna was most pleased with you.
You were very hungry.

You visited 2 branches of the dungeon, and saw 12 of its levels.

You collected 498 gold pieces.

Inventory:

Hand Weapons
 a - the +7 Screaming Sword (weapon)
   (You found it on level 7 of the Dungeon)
Missiles
 x - 5 javelins (quivered)
 L - 8 curare-tipped needles
 Z - 16 poisoned needles
Armour
 l - a +0 helmet (worn)
 m - the +2 robe of Ollanex (worn) {Int+2}
   (You found it on level 11 of the Dungeon)

   It affects your intelligence (+2).
 A - a +0 pair of gloves (worn)
 E - the +0 cloak "Coneamas" (worn) {Dex+3}
   (You found it on level 5 of the Dungeon)

   It affects your dexterity (+3).
Magical Staves
 Y - an uncursed staff of earth
Jewellery
 s - an uncursed ring of fire
 F - a ring of protection from magic (right hand)
 H - a ring of positive energy (left hand)
Wands
 o - a wand of polymorph (9/24)
 t - a wand of iceblast (10/15)
 T - a wand of slowing (11/48)
Scrolls
 d - a scroll of holy word {unknown}
 e - a scroll of magic mapping {unknown}
 h - a scroll of enchant weapon
 i - 6 scrolls of remove curse {@r1}
 k - a scroll of fog
 p - 2 scrolls of recharging
 y - a scroll of amnesia
 C - 2 scrolls of teleportation
 M - a scroll of immolation {unknown}
 N - a scroll of fear {unknown}
 R - a scroll of noise {unknown}
 V - a scroll of enchant armour {unknown}
Potions
 f - a potion of berserk rage {unknown}
 g - 4 potions of curing {@q1}
 j - 2 potions of flight
 n - a potion of agility {unknown}
 q - 2 potions of magic
 w - 2 potions of heal wounds
 z - a potion of invisibility {unknown}
 B - 3 potions of haste {unknown}
 D - a potion of resistance
 J - a potion of ambrosia {unknown}
 O - 2 potions of might {unknown}
 S - a potion of lignification
Books
 b - a book of Frost

   Spells                             Type                      Level
   a - Freeze                         Ice                          1
   b - Throw Frost                    Conjuration/Ice              2
   c - Ozocubu's Armour               Charms/Ice                   3
   d - Throw Icicle                   Conjuration/Ice              4
   e - Summon Ice Beast               Ice/Summoning                4
 K - a book of Callings

   Spells                             Type                      Level
   a - Summon Small Mammal            Summoning                    1
   b - Call Imp                       Summoning                    2
   c - Call Canine Familiar           Summoning                    3
   d - Summon Guardian Golem          Hexes/Summoning              3
   e - Summon Lightning Spire         Summoning/Air                4
   f - Summon Ice Beast               Ice/Summoning                4
 Q - a book of Air

   Spells                             Type                      Level
   a - Shock                          Conjuration/Air              1
   b - Swiftness                      Charms/Air                   2
   c - Repel Missiles                 Charms/Air                   2
   d - Static Discharge               Conjuration/Air              3
   e - Lightning Bolt                 Conjuration/Air              5
 U - a book of Maledictions

   Spells                             Type                      Level
   a - Corona                         Hexes                        1
   b - Ensorcelled Hibernation        Hexes/Ice                    2
   c - Confuse                        Hexes                        3
   d - Tukima's Dance                 Hexes                        3
   e - Dazzling Spray                 Conjuration/Hexes            3
Comestibles
 c - 11 bread rations {@e1}
 r - 7 fruits {@e3}
 u - 2 royal jellies
 v - 2 meat rations {@e2}
 X - 4 chunks of flesh


   Skills:
 - Level 4.1 Fighting
 - Level 9.0 Long Blades
 + Level 9.3 Dodging
 - Level 2.6 Stealth
 - Level 6.0 Spellcasting
 + Level 9.9 Conjurations
 - Level 2.3 Charms
 - Level 3.8 Summonings
 - Level 7.4 Ice Magic
 - Level 3.3 Air Magic
 - Level 2.2 Invocations


You couldn't memorise any spells.
You knew the following spells:

 Your Spells              Type           Power        Failure   Level  Hunger
c - Throw Frost           Conj/Ice       #####.       1%          2    None
d - Summon Lightning Spi  Summ/Air       ###.....     21%         4    ###....
e - Swiftness             Chrm/Air       ###.....     4%          2    None
m - Freeze                Ice            ####         1%          1    None
r - Repel Missiles        Chrm/Air       ###...       4%          2    None
s - Summon Ice Beast      Ice/Summ       ####....     10%         4    ###....
t - Ozocubu's Armour      Chrm/Ice       ####....     3%          3    #......
x - Throw Icicle          Conj/Ice       #####...     2%          4    ###....


Dungeon Overview and Level Annotations

Branches:
Dungeon (11/15)            Temple (1/1) D:5             Orc (0/2) D:10
   Lair: D:8-11

Altars:
Ashenzari
Cheibriados
Dithmenos
Elyvilon
Fedhas
Gozag
Hepliaklqana
Kikubaaqudgha
Makhleb
Nemelex Xobeh
Okawaru
Qazlal
Ru
Sif Muna
Trog
Uskayaw
Vehumet
Xom
Yredelemnul
Zin
The Shining One

Shops:
D:5 [   D:6 *::   D:9 :   D:11 }


Message History

The worker ant moves out of view.
You see here a shortbow.
You feel sluggish. The worker ant barely misses you.
The Screaming Sword prematurely composes your obituary.
The worker ant closely misses you. The worker ant completely misses you.
There is a stone staircase leading down here.
The worker ant bites you but does no damage.
The worker ant bites you.
The worker ant waves its antennae.
You start to feel a little faster.
There is a stone staircase leading up here.
The worker ant misses you.
You riposte.
You slash the worker ant!
The worker ant is heavily wounded.
The Screaming Sword screams like a hungry frog.
The worker ant, the yak and the cyan ugly thing are hurt by the noise.
The cyan ugly thing headbutts you!
* * * LOW HITPOINT WARNING * * *
The cyan ugly thing shocks you!
You die...

#.....#......#
###.###....._..#
#.....#........# #
#.#.###........# ###
#.._..#.......## ###.P
###.#.###.#..### ##....
#.....# #.##...### #..[.P
###u#####@####...####...P.
#.####au######...#.P.P..
#.......<..# ###....P..#
#..........# ###.P...#
#........).# ###.....P#
#.........Y####....PPP.#
#.....................PP
#........>.####.....P..P


You could see a cyan ugly thing, a yak and a worker ant.

Vanquished Creatures
  A cyclops (D:10)
  A deep elf mage (D:10)
  A hornet (D:9)
  A hippogriff (D:10)
  A wyvern (D:8)
  A spriggan (D:11)
  14 yaks
  A mottled dragon (D:11)
  A soldier ant (D:10)
  2 water moccasins
  An orc warrior (D:8)
  An ice beast (D:8)
  2 sky beasts
  2 centaurs
  6 ogres
  2 crocodiles (D:11)
  A big kobold (D:10)
  10 bullfrogs
  A wyvern skeleton (D:9)
  4 scorpions
  A vampire bat (D:6)
  4 wights
  A howler monkey (D:4)
  4 crimson imps
  2 bullfrog zombies
  3 hounds
  A jelly (D:10)
  9 orc priests
  A gnoll shaman (D:8)
  A bullfrog skeleton (D:7)
  2 centaur skeletons
  2 iguanas
  13 orc wizards
  6 worker ants
  2 hound zombies
  15 adders
  4 gnolls (D:8)
  3 river rats (D:11)
  3 shadow imps
  An ooze (D:3)
  2 adder zombies
  An adder skeleton (D:4)
  2 dart slugs
  6 worms
  5 leopard geckos
  32 orcs
  2 ball pythons
  5 giant cockroaches
  6 goblins
  4 hobgoblins
  6 jackals
  3 quokkas
  23 bats
  9 frilled lizards
  11 kobolds
  16 rats
265 creatures vanquished.

Vanquished Creatures (collateral kills)
  The ghost of Monkfish the Covert, a journeyman KoBe of Trog (D:10)
  A death knight (D:11)
  2 hill giants
  A centaur skeleton (D:10)
  Prince Ribbit (D:7)
  10 yaks
  Menkaure (D:6)
  An ice beast (D:6)
  3 orc warriors
  A phantom (D:9)
  A necrophage (D:9)
  2 ogres
  A bullfrog (D:8)
  A howler monkey (D:10)
  A vampire bat (D:6)
  2 centaur zombies
  2 bullfrog skeletons
  A hound (D:9)
  4 orc wizards
  2 hound zombies
  11 orcs
  2 bats
  4 jackals (D:8)
56 creatures vanquished.

Vanquished Creatures (others)
  15 fungi
  A plant (D:11)
16 creatures vanquished.

Grand Total: 337 creatures vanquished

Notes
Turn   | Place    | Note
-------+----------+-------------------------------------------
     0 | D:1      | Medar the High Elf Ice Elementalist began the quest for the Orb.
     0 | D:1      | Reached XP level 1. HP: 11/11 MP: 4/4
   662 | D:2      | Found a glowing golden altar of the Shining One.
   666 | D:2      | Reached XP level 2. HP: 15/17 MP: 1/6
  1477 | D:2      | Learned a level 2 spell: Throw Frost
  1582 | D:2      | Reached XP level 3. HP: 21/21 MP: 0/8
  2091 | D:3      | Reached XP level 4. HP: 12/27 MP: 2/9
  2796 | D:3      | Reached XP level 5. HP: 16/31 MP: 0/10
  3991 | D:4      | Reached XP level 6. HP: 28/36 MP: 7/12
  4148 | D:4      | Reached skill level 5 in Ice Magic
  4167 | D:4      | Learned a level 4 spell: Summon Ice Beast
  4653 | D:5      | Entered Level 5 of the Dungeon
  4689 | D:5      | Reached skill level 1 in Summonings
  4696 | D:5      | Found a staircase to the Ecumenical Temple.
  4713 | Temple   | Entered the Ecumenical Temple
  4991 | D:4      | Learned a level 3 spell: Ozocubu's Armour
  5204 | D:5      | Found a snail-covered altar of Cheibriados.
  5388 | D:5      | Found Janehydu's Armour Shoppe.
  5468 | D:5      | Got a warped cloak
  5474 | D:5      | Identified the cursed +0 cloak "Coneamas" {Dex+3} (You found it on level 5 of the Dungeon)
  5700 | D:5      | Reached XP level 7. HP: 41/41 MP: 1/13
  5820 | D:6      | Found Rotan's Book Boutique.
  5820 | D:6      | Noticed Menkaure
  5928 | D:6      | Reached skill level 1 in Charms
  6376 | D:6      | Found a hide-covered altar of Uskayaw.
  6944 | D:6      | Found Retz's General Store.
  6952 | D:6      | Found Otovop's Book Shoppe.
  7074 | D:6      | Killed Menkaure
  7074 | D:6      | Reached skill level 5 in Conjurations
  7432 | D:6      | Reached XP level 8. HP: 38/46 MP: 2/15
  7885 | D:6      | Found a shadowy altar of Dithmenos.
  7993 | D:6      | Found a deep blue altar of Sif Muna.
  7996 | D:6      | Became a worshipper of Sif Muna the Loreminder
  8106 | D:7      | Learned a level 4 spell: Throw Icicle
  8108 | D:7      | Found a radiant altar of Vehumet.
  8111 | D:7      | Found a glowing silver altar of Zin.
  8117 | D:7      | Found a shattered altar of Ashenzari.
  8117 | D:7      | Found a burning altar of Makhleb.
  8117 | D:7      | Found an iron altar of Okawaru.
  8123 | D:7      | Found a shimmering altar of Xom.
  8362 | D:7      | Reached skill level 5 in Spellcasting
  8537 | D:7      | Noticed Prince Ribbit
  8561 | D:7      | Killed Prince Ribbit
  9226 | D:8      | Reached * piety under Sif Muna
  9588 | D:8      | Reached skill level 1 in Fighting
  9736 | D:8      | Reached XP level 9. HP: 53/53 MP: 10/19
  9742 | D:8      | Learned a level 4 spell: Summon Lightning Spire
 10712 | D:8      | Found a bloodstained altar of Trog.
 11233 | D:9      | Found Rodghop's Book Shop.
 11746 | D:8      | Reached skill level 1 in Invocations
 12000 | D:9      | Reached ** piety under Sif Muna
 12000 | D:9      | Reached skill level 5 in Dodging
 12035 | D:9      | Paralysed by a hornet for 2 turns
 12497 | D:9      | Reached skill level 1 in Long Blades
 12509 | D:9      | Learned a level 2 spell: Swiftness
 12706 | D:9      | Noticed a hill giant
 12713 | D:9      | Killed a hill giant
 13016 | D:10     | Entered Level 10 of the Dungeon
 13031 | D:10     | Found a staircase to the Orcish Mines.
 13034 | D:10     | Noticed Monkfish's ghost (journeyman KoBe)
 13125 | D:10     | Reached XP level 10. HP: 63/63 MP: 5/20
 13653 | D:10     | Noticed a hill giant
 13671 | D:10     | Killed a hill giant
 14721 | D:10     | Killed Monkfish's ghost
 14721 | D:10     | Reached skill level 5 in Long Blades
 15484 | D:11     | Noticed a death knight
 15526 | D:11     | Noticed a deep elf mage
 15532 | D:10     | Killed a deep elf mage
 16519 | D:11     | Noticed a cyan ugly thing
 16867 | D:10     | Reached XP level 11. HP: 33/68 MP: 11/21
 17415 | D:10     | Learned a level 2 spell: Repel Missiles
 17427 | D:10     | Reached *** piety under Sif Muna
 18059 | D:11     | Found Raesemn's Gadget Shop.
 18570 | D:11     | Found a hazy altar of Hepliaklqana.
 18583 | D:11     | Found an opulent altar of Gozag.
 18728 | D:11     | Got a dull robe
 18740 | D:11     | Identified the +2 robe of Ollanex {Int+2} (You found it on level 11 of the Dungeon)
 18770 | D:11     | Killed a death knight
 19044 | D:11     | Mangled by a cyan ugly thing

Skill      XL: |  1  2  3  4  5  6  7  8  9 10 11 |
---------------+----------------------------------+-----
Conjurations   | 2 3 4 5 6 8 9 |  9.9
Ice Magic      | 4 5 6 7 |  7.4
Spellcasting   | 3 4 6 |  6.0
Summonings     | 3 |  3.8
Charms         | 2 |  2.3
Fighting       | 1 4 |  4.1
Dodging        | 3 5 7 9 |  9.3
Invocations    | 2 |  2.2
Long Blades    | 3 8 9 |  9.0
Air Magic      | 3 |  3.3
Stealth        | |  2.6

Action                   |  1- 3 |  4- 6 |  7- 9 | 10-12 || total
-------------------------+-------+-------+-------+-------++-------
Melee: Short sword       |     5 |       |       |       ||     5
       Quarterstaff      |     2 |       |       |       ||     2
       Dagger            |       |    57 |   110 |    11 ||   178
       Double sword      |       |       |       |   119 ||   119
 Cast: Freeze            |    62 |   115 |    63 |     3 ||   243
       Throw Frost       |     3 |    21 |     8 |     4 ||    36
       Summon Ice Beast  |       |     1 |    39 |    40 ||    80
       Ozocubu's Armour  |       |     1 |     6 |     4 ||    11
       Throw Icicle      |       |       |    98 |    81 ||   179
       Summon Lightning  |       |       |     1 |    15 ||    16
       Swiftness         |       |       |     1 |     4 ||     5
       Repel Missiles    |       |       |       |     1 ||     1
Invok: Divine Energy     |       |       |       |     5 ||     5
       Stop Divine Energ |       |       |       |     5 ||     5
Evoke: Wand              |       |       |     2 |       ||     2
  Use: Scroll            |     4 |     6 |     2 |     7 ||    19
       Potion            |       |     3 |     1 |     2 ||     6
 Stab: Sleeping          |       |     1 |       |       ||     1
       Distracted        |       |       |     4 |     2 ||     6
  Eat: Chunk             |     4 |    12 |    38 |    18 ||    72
       Beef jerky        |       |       |     1 |       ||     1
       Fruit             |       |       |     4 |     1 ||     5
       Meat ration       |       |       |     1 |     3 ||     4
       Royal jelly       |       |       |       |     1 ||     1
Armor: Robe              |     6 |    22 |    57 |    40 ||   125
       Skin              |       |    23 |    13 |       ||    36
Dodge: Dodged            |    32 |    99 |   162 |   220 ||   513
       Rpst.: Double sword |       |       |       |    56 ||    56
